 Dungeon Crawl Stone Soup version 0.31-a0-691-g409c26aa35 (webtiles) character file.

Game seed: 2010551732583489262

87 qw the Shooter (level 4, -5/28 HPs)
             Began as a Gargoyle Hunter on Sept 6, 2023.
             Slain by Terence
             ... wielding a +0 flail
              (8 damage)
             ... on level 2 of the Dungeon.
             The game lasted 00:00:39 (997 turns).

qw the Shooter (Gargoyle Hunter)                     Turns: 997, Time: 00:00:40

Health: -5/28      AC:  8    Str: 14    XL:     4   Next: 51%
Magic:  4/4        EV: 10    Int: 10    God:
Gold:   63         SH:  0    Dex: 15    Spells: 3/3 levels left

rFire   . . .        Y - +0 shortbow
rCold   . . .        (shield currently unavailable)
rNeg    + . .        d - +0 ring mail
rPois   inf          (no helmet)
rElec   +            (no cloak)
rCorr   .            (no gloves)
SInv    .            (no boots)
Will    .....        (no amulet)
Stlth   +            (no ring)
HPRegen 0.24/turn    (no ring)
MPRegen 0.09/turn

%: no passive effects
@: no status effects
A: sickness immunity, AC +3, negative energy resistance 1, electricity
resistance, torment resistance 1, petrification resistance
a: no special abilities


You were on level 2 of the Dungeon.
You visited 1 branch of the dungeon, and saw 2 of its levels.

You collected 63 gold pieces.


Innate Abilities, Weirdness & Mutations

You are immune to sickness and miasma.
Your stone body is resilient. (AC +3)
You are immune to poison.
You resist negative energy. (rN+)
You are resistant to electric shocks. (rElec)
You are resistant to unholy torment.
You are immune to petrification.


   Skills:
 - Level 3.0 Fighting
 + Level 5.3 Ranged Weapons
 - Level 1.0 Armour
 - Level 1.5 Dodging
 - Level 1.1 Stealth


You had 3 spell levels left.
You didn't know any spells.
Your spell library was empty.

Inventory:

Hand Weapons
 Y - a +0 shortbow (weapon)
Armour
 d - a +0 ring mail (worn)
Scrolls
 j - a scroll of identify
Potions
 a - a potion of mutation {unknown}
 h - a potion of heal wounds {unknown}
 i - a potion of brilliance {unknown}
 k - a potion of curing
 l - a potion of degeneration {unknown}

Dungeon Overview and Level Annotations

Branches:
Dungeon (2/15)

Altars:

Annotations:
D:2 Terence


Message History

The jackal bites you but does no damage.
You shoot an arrow. The arrow hits Terence.
Terence is lightly wounded.
The jackal closely misses you. Terence hits you with a +0 flail.
The jackal barely misses you. Terence hits you with a +0 flail!
You shoot an arrow. The arrow hits Terence.
Terence is moderately wounded.
The jackal bites you but does no damage.
Terence barely misses you.
You shoot an arrow. The arrow barely misses Terence.
The jackal barely misses you.
The jackal bites you but does no damage.
Terence barely misses you.
You shoot an arrow. The arrow barely misses Terence.
The jackal barely misses you. Terence hits you with a +0 flail!
The jackal closely misses you.
You shoot an arrow. The arrow hits Terence.
Terence is moderately wounded.
The jackal bites you but does no damage.
Terence hits you with a +0 flail.
The jackal bites you but does no damage.
Terence closely misses you.
You shoot an arrow. The arrow hits Terence.
Terence is heavily wounded.
The jackal bites you but does no damage.
Terence barely misses you. The jackal bites you.
You shoot an arrow. The arrow barely misses Terence.
The arrow hits the frilled lizard!
You kill the frilled lizard!
The jackal bites you but does no damage.
Terence hits you but does no damage.
You shoot an arrow. The arrow hits Terence!
Terence is almost dead.
The jackal completely misses you. Terence closely misses you.
The jackal barely misses you.
You shoot an arrow.
The arrow hits Terence but does no damage.
Terence is almost dead.
The jackal bites you. Terence hits you with a +0 flail!
You die...

.. #..........
.##..........
............ .#
........... .#
........ .# ##. .....
.# ... #@h#
.##.###### ##@#
............ #..#
............ #.##
............# #.#
............###.#
............##..#####
....................#
########..#....>.####
...## #.#...####


You could see Terence and a jackal.

Vanquished Creatures
  An iguana (D:2)
  A worm (D:2)
  10 ball pythons
  A bat (D:1)
  4 endoplasms (D:1)
  13 giant cockroaches (D:2)
  7 hobgoblins
  3 jackals (D:1)
  3 quokkas
  4 frilled lizards
  4 kobolds
  A rat (D:1)
52 creatures vanquished.

Notes
Turn   | Place    | Note
-------+----------+-------------------------------------------
     0 | D:1      | qw the Gargoyle Hunter began the quest for the Orb.
     0 | D:1      | Reached XP level 1. HP: 12/12 MP: 1/1
     0 | D:1      | 0 ||| qw: Version: 0.3-a-76-g4403597
     0 | D:1      | 0 ||| qw: Game counter: 2
     0 | D:1      | 0 ||| qw: Melee chars always use a shield: true
     0 | D:1      | 0 ||| qw: God list: Okawaru
     0 | D:1      | 0 ||| qw: Allow faded altars: false
     0 | D:1      | 0 ||| qw: Do Orc after clearing Dungeon:15 true
     0 | D:1      | 0 ||| qw: Do second Lair branch before Depths: true
     0 | D:1      | 0 ||| qw: Lair rune preference: random
     0 | D:1      | 0 ||| qw: Goals: Normal
     0 | D:1      | 0 ||| PLANNING D:1-11
    13 | D:1      | 13 ||| Stepping ~*~*~tactically~*~*~ (outnumbered).
   160 | D:1      | Reached XP level 2. HP: 17/17 MP: 2/2
   392 | D:1      | Reached XP level 3. HP: 21/21 MP: 3/3
   628 | D:1      | 628 ||| UPGRADING to +0 ring mail.
   638 | D:1      | 638 ||| DROPPING +0 leather armour.
   639 | D:1      | 639 ||| READING scroll labelled CERAYLLO FAFON.
   640 | D:1      | 640 ||| READING scroll labelled YFOGEW QIKKAC.
   641 | D:1      | 641 ||| READING 2 scrolls labelled QUWISUSYRO.
   642 | D:1      | 642 ||| DRINKING 2 murky green potions.
   643 | D:1      | 643 ||| DROPPING scroll of butterflies.
   684 | D:2      | 684 ||| STAIRDANCE
   689 | D:2      | 689 ||| STAIRDANCE
   707 | D:2      | 707 ||| STAIRDANCE
   719 | D:2      | 719 ||| STAIRDANCE
   728 | D:2      | Reached skill level 1 in Armour
   764 | D:2      | Reached skill level 5 in Ranged Weapons
   846 | D:2      | 846 ||| FLEEEEING.
   847 | D:2      | 847 ||| FLEEEEING.
   849 | D:2      | 849 ||| FLEEEEING.
   850 | D:2      | 850 ||| FLEEEEING.
   852 | D:2      | 852 ||| FLEEEEING.
   853 | D:2      | 853 ||| STAIRDANCE
   871 | D:1      | 871 ||| READING 2 scrolls of identify.
   871 | D:1      | 871 ||| IDENTIFYING viscous puce potion
   872 | D:1      | 872 ||| DROPPING potion of ambrosia.
   893 | D:2      | Reached XP level 4. HP: 27/27 MP: 4/4
   895 | D:2      | Reached skill level 3 in Fighting
   975 | D:2      | Noticed Terence
   993 | D:2      | HP: 5/28 [Terence/+0 flail (5)]
   997 | D:2      | Slain by Terence

Levels and vault maps discovered:
D:1:      dpeg_arrival_boxorama, layout_basic
D:2:      minmay_roachtagon, layout_rooms, uniq_terence

Skill      XL: |  1  2  3  4 |
---------------+-------------+-----
Armour         | 1 |  1.0
Ranged Weapons | 5 |  5.3
Fighting       | 3 |  3.0
Dodging        | |  1.5
Stealth        | |  1.1

Action                     |  1- 3 |  4- 6 || total
---------------------------+-------+-------++-------
   Fire: Shortbow          |   129 |    32 ||   161
    Use: Scroll            |     4 |       ||     4
         Potion            |     1 |       ||     1
 Armour: Leather armour    |    19 |       ||    19
         Ring mail         |    92 |    26 ||   118
  Dodge: Dodged            |    70 |    20 ||    90

Table legend:
 A = Non-vault XP
 B = Vault XP
 C = Vault XP percentage of total XP
 D = Non-vault monster count
 E = Vault monster count
 F = Vault count percentage of total count
                 A         B        C        D         E       F
            +---------+---------+-------+---------+---------+-------
      Total |     105 |      20 |  16.0 |      42 |      10 |  19.2
            +---------+---------+-------+---------+---------+-------
        D:1 |      45 |       0 |   0.0 |      27 |       0 |   0.0
        D:2 |      60 |      20 |  25.0 |      15 |      10 |  40.0
            +---------+---------+-------+---------+---------+-------
